AoeStats
← Deadly_Apostate

Arabia

507636779Analyzed
2v2 RM · 12d ago on Sep 19, 2026· 40m 53s· 4 players
Game mode
Random Map
Map size
Medium (4 player)
Population
200
Speed
Normal
Resources
Standard
Victory
Conquest
Starting age
Dark Age
Ending age
Imperial Age
RankedLock teamsTeams togetherTeam positionsShared explorationLock speedFull tech treeHidden civsTurbo modeCheats
Victory
Defeat
🇦🇷 Khmer · Argentina
1251
+12
🇺🇸 Georgians · United States
1221
+13
🇺🇸 Malians · United States
1175
-13
🇺🇸 Portuguese · United States
1149
-12
[SICK] NAUTIKOS
5:37 Loom
11:56 Feudal Age
20:35 Castle Age
20:19 Horse Collar
21:40 Fletching
22:27 Pikeman
26:45 Double-Bit Axe
33:34 Squires
33:28 Arson
35:31 Forging
37:53 Scale Mail Armor
Deadly_Apostate
7:08 Loom
9:16 Feudal Age
9:38 Man-at-Arms
14:02 Horse Collar
21:28 Castle Age
19:27 Fletching
27:35 Double-Bit Axe
29:04 Elite Skirmisher
31:49 Pikeman
35:08 Imperial Age
32:14 Pikeman
33:21 Sanctity
34:21 Bow Saw
37:44 Wheelbarrow
37:05 Gold Mining
37:05 Stone Mining
37:12 Stone Mining
38:00 Halberdier
40:21 Chemistry
40:01 Scale Mail Armor
40:11 Forging
41:24 Block Printing
41:34 Chain Mail Armor
41:54 Iron Casting
pepe mujica1728
5:52 Loom
8:52 Feudal Age
9:59 Double-Bit Axe
17:14 Fletching
21:45 Castle Age
19:56 Padded Archer Armor
21:58 Crossbowman
23:08 Bodkin Arrow
25:51 Leather Archer Armor
26:36 Husbandry
27:11 Bloodlines
27:07 Scale Barding Armor
28:23 Chain Barding Armor
29:18 Wheelbarrow
34:47 Forging
37:51 Imperial Age
36:20 Iron Casting
37:56 Cavalier
39:21 Plate Barding Armor
39:49 Blast Furnace
39:46 Conscription
Dragón-Malo
2:18 Loom
9:15 Feudal Age
14:06 Fletching
14:16 Stone Mining
14:12 Double-Bit Axe
15:35 Town Watch
20:31 Wheelbarrow
21:50 Wheelbarrow
25:56 Castle Age
26:32 Bodkin Arrow
27:38 Stone Shaft Mining
27:14 Bow Saw
26:46 Horse Collar
28:24 Guard Tower
28:57 Town Patrol
29:45 Ballistics
30:42 Masonry
30:27 Murder Holes
30:58 Murder Holes
32:14 Svan Towers
36:16 Treadmill Crane
Connection lost

Rejoining the realm…

Still unreachable

The connection could not be restored.

Session expired

The server has moved on; the page needs a fresh start.